 Dungeon Crawl Stone Soup version 0.30-a0-325-gb515db48ae (console) character file.

Game seed: 14710007376842760910

303 Ignak the Trooper (level 6, -6/62 HPs)
             Began as an Ogre Warper on Oct 28, 2022.
             Mangled by Pikel
             ... wielding a +2 whip of electrocution
              (11 damage)
             ... on level 3 of the Dungeon.
             The game lasted 00:13:18 (4137 turns).

Ignak the Trooper (Ogre Warper)                     Turns: 4137, Time: 00:13:19

Health: -6/62      AC:  3    Str: 18    XL:     6   Next: 38%
Magic:  2/11       EV: 10    Int: 14    God:
Gold:   181        SH:  0    Dex:  8    Spells: 2/12 levels left

rFire   . . .      SeeInvis +    p - +2 quarterstaff (chaos)
rCold   + . .      Faith    .    (shield currently unavailable)
rNeg    . . .      Spirit   .    b - +0 robe
rPois   .          Reflect  .    (helmet restricted)
rElec   .          Harm     .    (no cloak)
rCorr   .          Rampage  .    (gloves unavailable)
Will    .....                    (boots unavailable)
Stlth   +.........               (no amulet)
HPRegen 0.30/turn                l - ring of protection from cold
MPRegen 0.12/turn                q - ring of see invisible

@: no status effects
A: large, unfitting armour, tough skin 1
a: no special abilities


You were on level 3 of the Dungeon.
You visited 1 branch of the dungeon, and saw 4 of its levels.

You collected 181 gold pieces.

Inventory:

Hand Weapons
 a - a +0 mace
 p - a +2 quarterstaff of chaos (weapon)
Missiles
 d - 2 boomerangs of dispersal (quivered)
Armour
 b - a +0 robe (worn)
Jewellery
 l - a ring of protection from cold (left hand)
 q - a ring of see invisible (right hand)
Scrolls
 f - 6 scrolls of identify {unknown}
 g - 2 scrolls of poison {unknown}
 k - 2 scrolls of noise {unknown}
 m - a scroll of vulnerability {unknown}
 n - a scroll of acquirement {unknown}
 r - a scroll of teleportation {unknown}
 s - a scroll of enchant armour {unknown}
Potions
 c - a potion of lignification {unknown}
 h - a potion of attraction {unknown}
 i - 2 potions of curing {unknown}
 j - 2 potions of might {unknown}
 o - a potion of degeneration {unknown}


   Skills:
 + Level 4.2 Fighting
 + Level 2.7 Maces & Flails
 + Level 2.2 Throwing
 + Level 3.0 Dodging
 - Level 1.0 Unarmed Combat
 + Level 3.6 Spellcasting
 + Level 3.4 Translocations
 + Level 0.9 Transmutations


You had 2 spell levels left.
You knew the following spells:

 Your Spells              Type           Power      Damage    Failure   Level
a - Teleport Other        Tloc           12%        N/A       14%         3
b - Blink                 Tloc           24%        N/A       8%          2
c - Vhi's Electric Charg  Tloc/Air       14%        N/A       30%         3
t - Passwall              Tmut/Erth      2%         N/A       26%         2

Your spell library contained the following spells:

 Spells                   Type           Power      Damage    Failure   Level
 Cigotuvi's Dreadful Rot  Necr/Pois/Air  4%         N/A       30%         2
 Ensorcelled Hibernation  Hex/Ice        4%         N/A       30%         2
 Poisonous Vapours        Pois/Air       4%         N/A       30%         2
 Lesser Beckoning         Tloc           24%        N/A       14%         3
 Manifold Assault         Tloc           12%        N/A       43%         4
 Passage of Golubria      Tloc           12%        N/A       43%         4
 Mephitic Cloud           Conj/Pois/Air  2%         N/A       52%         3
 Swiftness                Air            2%         N/A       52%         3
 Silence                  Hex/Air        1%         N/A       99%         5
 Lehudib's Crystal Spear  Conj/Erth      1%         10d2      100%        8


Dungeon Overview and Level Annotations

Branches:
Dungeon (4/15)
 Temple: D:4-7

Altars:

Shops:
D:4 *

Annotations:
D:3 Pikel


Innate Abilities, Weirdness & Mutations

You are too large for most types of armour.
You have tough skin. (AC +1)


Message History

There is a stone staircase leading up, spattered with blood here.
Unknown command.
You hit the lemure.
The lemure convulses.
The lemure is almost dead.
You kill the lemure!
That felt strangely unrewarding.
The goblin closely misses you.
Unknown command.
You completely miss the goblin. The goblin hits you with a +0 club.
* * * LOW HITPOINT WARNING * * *
You barely miss the goblin. The goblin closely misses you. x2
You miss the goblin. The goblin hits you with a +0 club.
* * * LOW HITPOINT WARNING * * *
You closely miss the goblin. The goblin barely misses you.
You barely miss the goblin. The goblin hits you with a +0 club.
* * * LOW HITPOINT WARNING * * *
You open the door.
An adder, a ball python and 2 water moccasins come into view.
The adder hisses angrily.
The ball python hisses angrily.
The water moccasin hisses angrily.
The goblin barely misses you.
Found Fiaf's Serpentskin Sales.
You close the door.
The goblin barely misses you.
Casting: Teleport Other (dangerous; 14% risk of failure)
Confirm with . or Enter, or press ? or * to list all spells.
Aiming: Teleport Other (dangerous; 14% risk of failure)
Press: ? - help, Shift-Dir - straight line, f - lemure
Aim: a lemure (chance to affect: 50%)
The lemure resists with significant effort.
The goblin barely misses you.
You sock the goblin!
You kill the goblin!
There is a stone staircase leading up, spattered with blood here.
Things that are here:
a +0 club; a goblin corpse You climb upwards.
Level annotation: Pikel Pikel hits you with a +2 whip of electrocution!
* * * LOW HITPOINT WARNING * * *
Pikel hits you with a +2 whip of electrocution!
You die...

####..#.##...#.##...............#
#####...######.#....#####.#.....#
>........#...#.#.....)......#....
##########.#.#.####.........#....
#.#.#.#...........###+.. #####
#.#.#.#.##...####.# #...
....######.#...#.##......#.# ♣..P
.........#.######(.......+.# ♣..P
###.##.###.#...#@K#....K.### ♣♣.♣
.........#.#.#.#....[####### ♣.♣♣
###.##.###.#.#.#.##.#......# ♣♣)♣
#......#.#.#.#.##.#(.....# ♣.♣
####.###...#.#.##.#......# ♣♣)
#.# #####.#.##.#......# ##'
######.###...#.#.##.#......# #).
.†.......#.#.#.#.##.#......# #[.
.........#.#.#.#.##.#......# #..


You could see Pikel.

Vanquished Creatures
  3 lemures
  Crazy Yiuf (D:3)
  Jessica (D:3)
  Ijyb (D:3)
  An iguana (D:2)
  An orc wizard (D:3)
  4 gnolls (D:2)
  5 adders
  3 dart slugs
  2 worms (D:2)
  6 orcs (D:3)
  6 endoplasms
  3 giant cockroaches
  8 goblins
  6 hobgoblins
  3 jackals (D:3)
  2 quokkas
  9 ball pythons
  6 bats
  3 frilled lizards
  5 kobolds
  4 rats
83 creatures vanquished.

Vanquished Creatures (others)
  An orc (D:3)
  A rat (D:3)
2 creatures vanquished.

Grand Total: 85 creatures vanquished

Notes
Turn   | Place    | Note
-------+----------+-------------------------------------------
     0 | D:1      | Ignak the Ogre Warper began the quest for the Orb.
     0 | D:1      | Reached XP level 1. HP: 22/22 MP: 3/3
   170 | D:1      | Reached XP level 2. HP: 29/29 MP: 5/5
   193 | D:1      | Learned a level 2 spell: Blink
   206 | D:1      | Learned a level 2 spell: Passwall
   329 | D:1      | You fall into a shaft and drop 1 floor!
   352 | D:2      | Reached skill level 3 in Fighting
   428 | D:1      | Reached XP level 3. HP: 23/37 MP: 1/7
   790 | D:2      | Reached XP level 4. HP: 16/45 MP: 8/8
  1228 | D:2      | Reached skill level 1 in Unarmed Combat
  1407 | D:2      | Reached XP level 5. HP: 39/53 MP: 7/9
  1545 | D:2      | Learned a level 3 spell: Vhi's Electric Charge
  1549 | D:2      | Learned a level 3 spell: Teleport Other
  2085 | D:3      | Found a runed translucent door.
  2086 | D:3      | Noticed Crazy Yiuf
  2095 | D:3      | Killed Crazy Yiuf
  2194 | D:3      | Noticed Jessica
  2197 | D:3      | Killed Jessica
  2201 | D:3      | Reached XP level 6. HP: 56/62 MP: 11/11
  2336 | D:3      | Noticed Ijyb
  2451 | D:3      | Reached skill level 4 in Fighting
  2902 | D:4      | Noticed Pikel
  3344 | D:3      | HP: 2/62 [Ijyb/+0 dagger (2)]
  3515 | D:3      | Killed Ijyb
  4131 | D:4      | Found Fiaf's Serpentskin Sales.
  4131 | D:4      | Noticed a water moccasin
  4131 | D:4      | Noticed a water moccasin
  4137 | D:3      | Mangled by Pikel

Illustrated notes

Levels and vault maps discovered:
D:1:      ncdulo_wetmaze, layout_loops_ring,
          shapermc_ecumenical_altar_starsandcircs
D:2:      layout_loops_ring, minmay_divided_ellipse
D:3:      layout_basic, roderic_serpentine_path, uniq_ijyb,
          uniq_crazy_yiuf_cottage, uniq_jessica
D:4:      layout_rooms, nzn_hepliaklqana_mist_gate,
          minmay_temple_entry_antechambers, guppyfry_shop_venom, uniq_pikel

Skill      XL: |  1  2  3  4  5  6 |
---------------+-------------------+-----
Fighting       | 3 4 |  4.2
Maces & Flails | 2 |  2.7
Spellcasting   | 3 |  3.6
Translocations | 3 |  3.4
Unarmed Combat | 1 |  1.0
Throwing       | 2 |  2.2
Dodging        | 3 |  3.0
Transmutations | |  0.9

Action                   |  1- 3 |  4- 6 || total
-------------------------+-------+-------++-------
Melee: Mace              |    84 |   100 ||   184
       Punch             |       |     4 ||     4
       Quarterstaff      |       |    93 ||    93
Throw: Dart              |     7 |    31 ||    38
       Boomerang         |     1 |     4 ||     5
 Cast: Blink             |     3 |    14 ||    17
       Vhi's Electric Ch |       |     5 ||     5
       Passwall          |       |     9 ||     9
       Teleport Other    |       |     8 ||     8
  Use: Potion            |     1 |       ||     1
       Scroll            |       |     2 ||     2
Armor: Robe              |    39 |    54 ||    93
Dodge: Dodged            |    52 |   124 ||   176

Table legend: (Time is in decaauts)
 A = Elapsed time spent in this place.
 B = Non-inter-level travel time spent in this place.
 C = Inter-level travel time spent in this place.
 D = Time resting spent in this place.
 E = Time spent auto-exploring this place.
 F = Levels seen in this place.
 G = Mean time per level.
                   A        B        C        D        E       F      G
               +--------+--------+--------+--------+--------+-----+--------+
         Total |   4217 |   4188 |     29 |   1413 |   1438 |   4 | 1054.2 |
       Dungeon |   4217 |   4188 |     29 |   1413 |   1438 |   4 | 1054.2 |
               +--------+--------+--------+--------+--------+-----+--------+

Top non-repeatable levels by time:
     D:3: 2201 daAuts
     D:2: 1383 daAuts
     D:1: 522 daAuts
     D:4: 109 daAuts
